 Dungeon Crawl Stone Soup version 0.24-a0-70-gf44d0c5 (webtiles) character file.

Game seed: 3743096876792151117

71004 suvakkihuora the Black Belt (level 14, -5/121 HPs)
             Began as a Demonspawn Monk on Feb 6, 2019.
             Was a High Priest of Cheibriados.
             Shot themself with a bolt of acid (20 damage)
             ... in a bazaar.
             The game lasted 00:55:18 (18315 turns).

suvakkihuora the Black Belt (Demonspawn Monk)      Turns: 18315, Time: 00:55:18

Health: -5/121     AC:  8    Str: 35    XL:     14   Next: 96%
Magic:  19/19      EV: 34    Int: 27    God:    Cheibriados [*****.]
Gold:   1267       SH: 11    Dex: 32    Spells: 9/13 levels left

rFire    + . .     SeeInvis +     - Unarmed
rCold    x . .     Gourm    .   (no shield)
rNeg     . . .     Faith    .   U - +1 troll leather armour {Snorg}
rPois    +         Spirit   .   T - +2 helmet {SInv}
rElec    +         Reflect  +   q - +0 cloak {rPois}
rCorr    .         Harm     .   i - +0 pair of gloves
MR       +....                  c - +0 pair of boots
Stlth    ++++......             a - +5 amulet of reflection
HPRegen  0.70/turn              m - ring of fire
MPRegen  0.16/turn              r - ring "Biecumpeik" {rElec EV+2 Str+4}

@: mighty, agile, corroded, very slow
A: hooves 2, large bone plates 2, powered by pain 1
a: Bend Time, Temporal Distortion, Slouch, Step From Time, Renounce Religion


You were in a bazaar.
You worshipped Cheibriados.
Cheibriados was extremely pleased with you.
You were not hungry.

You visited 6 branches of the dungeon, and saw 23 of its levels.
You visited 1 bazaar.
You also visited: Ossuary, Bailey, Gauntlet and Ice Cave.

You collected 2480 gold pieces.
You spent 1213 gold pieces at shops.

Inventory:

Missiles
 R - 2 throwing nets
 X - 18 javelins (quivered)
 Z - 15 javelins of returning
Armour
 c - a +0 pair of boots (worn)
 i - a +0 pair of gloves (worn)
 q - a +0 cloak of poison resistance (worn)
 y - a +1 hat
 A - a +1 robe of resistance
 N - a scarf of cloud immunity
 T - a +2 helmet of see invisible (worn)
 U - a +1 troll leather armour (worn) {Snorg}
Jewellery
 a - a +5 amulet of reflection (around neck)
 f - an uncursed ring of poison resistance
 m - a ring of fire (left hand)
 p - an uncursed ring of protection from magic
 r - the ring "Biecumpeik" (right hand) {rElec EV+2 Str+4}
   (You found it in an ice cave)

   [ring of evasion]

   It affects your evasion (+2).
   It affects your strength (+4).
   It insulates you from electricity.
 J - the macabre finger necklace {rN+}
   (You bought it in a shop in a bazaar)

   [amulet of nothing]

   It protects you from negative energy.
 W - a ring "Daecyon" {rCorr MP+9}
   (You took it off Fannar on level 10 of the Dungeon)

   [ring of resist corrosion]

   It affects your magic capacity (+9).
 Y - an uncursed ring of see invisible
Wands
 j - a wand of paralysis (5)
 l - a wand of acid (19)
 Q - a wand of enslavement (32)
Scrolls
 e - 3 scrolls of enchant weapon
 g - 9 scrolls of remove curse
 h - 4 scrolls of magic mapping
 o - 3 scrolls of fear
 t - a scroll of teleportation
 u - 3 scrolls of enchant armour
 v - 4 scrolls of fog
 B - 3 scrolls of immolation
 H - 2 scrolls of random uselessness {unknown}
 I - a scroll of summoning
 K - 2 scrolls of identify
 L - a scroll of brand weapon
 P - 3 scrolls of blinking
 S - a scroll of acquirement {unknown}
Potions
 d - 5 potions of heal wounds
 k - 10 potions of lignification
 n - 3 potions of haste
 s - 4 potions of flight
 w - 5 potions of curing
 x - 2 potions of brilliance {unknown}
 z - a potion of berserk rage
 C - 5 potions of agility
 D - 2 potions of magic
 E - 2 potions of might {unknown}
 F - a potion of invisibility
 G - a potion of cancellation
 M - a potion of ambrosia {unknown}
Miscellaneous
 O - a lightning rod (4/4)
Comestibles
 b - 20 rations


   Skills:
 - Level 14.7 Fighting
 - Level 3.9 Armour
 - Level 12.2 Dodging
 - Level 1.7 Stealth
 * Level 16.1 Unarmed Combat
 - Level 7.4 Invocations
 - Level 5.6 Evocations


You had 9 spell levels left.
You knew the following spells:

 Your Spells              Type           Power        Failure   Level  Hunger
a - Regeneration          Chrm/Necr      #.........   36%         3    ####...
b - Animate Skeleton      Necr           N/A          13%         1    ##.....

Your spell library contained the following spells:

 Spells                   Type           Power        Failure   Level  Hunger
 Apportation              Tloc           #.....       13%         1    ##.....
 Freeze                   Ice            #...         13%         1    ##.....
 Magic Dart               Conj           #...         13%         1    ##.....
 Pain                     Necr           #...         13%         1    ##.....
 Shock                    Conj/Air       #...         13%         1    ##.....
 Blink                    Tloc           N/A          19%         2    ###....
 Call Imp                 Summ           #.......     19%         2    ###....
 Poisonous Vapours        Pois/Air       #.....       19%         2    ###....
 Slow                     Hex            #.......     19%         2    ###....
 Swiftness                Chrm/Air       #.......     19%         2    ###....
 Throw Frost              Conj/Ice       #.....       19%         2    ###....
 Conjure Flame            Conj/Fire      #.......     36%         3    ####...
 Ignite Poison            Fire/Tmut/Pois #.......     36%         3    ####...
 Mephitic Cloud           Conj/Pois/Air  #.......     36%         3    ####...
 Ozocubu's Armour         Chrm/Ice       #.......     36%         3    ####...
 Recall                   Summ/Tloc      N/A          36%         3    ####...
 Static Discharge         Conj/Air       #.......     36%         3    ####...
 Vampiric Draining        Necr           #.........   36%         3    ####...
 Airstrike                Air            #.........   77%         4    #####..
 Animate Dead             Necr           N/A          77%         4    #####..
 Summon Ice Beast         Ice/Summ       #.......     77%         4    #####..
 Throw Icicle             Conj/Ice       #.......     77%         4    #####..
 Fireball                 Conj/Fire      #.........   98%         5    ######.
 Lightning Bolt           Conj/Air       #.........   98%         5    ######.
 Venom Bolt               Conj/Pois      #.........   98%         5    ######.
 Bolt of Fire             Conj/Fire      #.........   100%        6    #######
 Ring of Flames           Chrm/Fire      #.........   100%        7    #######
 Disjunction              Tloc           #.........   100%        8    #######
 Ignition                 Fire           #.........   100%        8    #######


Dungeon Overview and Level Annotations

Branches:
Dungeon (10/15)            Temple (1/1) D:4            Lair (6/6) D:10
 Spider (0/4) Lair:3        Slime (1/5) Lair:5          Orc (2/2) D:9
    Elf (3/3) Orc:2
  Swamp: Lair:2-4    Shoals: Lair:2-4

Altars:
Cheibriados
Elyvilon
Fedhas
Qazlal
Sif Muna
Zin
The Shining One

Shops:
D:8 *   Orc:1 [   Orc:2 [??   Elf:2 :

Annotations:
D:10 exclusion: obsidian statue


Innate Abilities, Weirdness & Mutations

You have hoof-like feet.
You are mostly covered in large bone plates. (SH +6)
You sometimes gain a little power by taking damage.


Message History

Aiming: Corrosive Bolt
Press: ? - help, Shift-Dir - straight line, f - you That beam is likely to hit you.
Continue anyway?
The bolt of acid hits you but does no damage.
You are splashed with acid!
* * * LOW HITPOINT WARNING * * *
Evoke which item? (* to show all) (? for menu, Esc to quit)
Aiming: Corrosive Bolt
Press: ? - help, Shift-Dir - straight line, f - you That beam is likely to hit you.
Continue anyway?
The bolt of acid hits you.
* * * LOW HITPOINT WARNING * * *
The acid corrodes you!
You are splashed with acid!
* * * LOW HITPOINT WARNING * * *
Evoke which item? (* to show all) (? for menu, Esc to quit)
Aiming: Corrosive Bolt
Press: ? - help, Shift-Dir - straight line, f - you That beam is likely to hit you.
Continue anyway?
The bolt of acid hits you!!
You die...

## #.#### ##.
#....## ###..
#..∩..## ##....
#...@:.## ###....⌠
##......## ##.......
##......####.....≈§§
##.............≈§§.
##......∩.....≈..∩
##............§≈§§.
##......####....§§§≈
##......## ##..§....
#......## ###....⌠


There were no monsters in sight!

Vanquished Creatures
  Kirke (Lair:6)
  The ghost of Wired the Fighter, a journeyman DrTm of Uskayaw (Lair:5)
  2 minotaurs
  Snorg (D:10)
  The ghost of Cuyts the Cleaver, a journeyman DsGl of Makhleb (Lair:2)
  Josephine (Orc:2)
  3 ice dragons
  3 hydras
  Erica (Lair:1)
  2 two-headed ogres
  A dancing weapon (Elf:3)
  Urug (D:10)
  2 deep elf knights
  An unseen horror (D:10)
  A death drake (Gauntlet)
  5 deep elf archers
  A lindwurm (Lair:6)
  6 orc knights
  21 deep elf magi
  An oklob plant (Gauntlet)
  An orc sorcerer (Orc:1)
  6 torpor snails
  9 black mambas
  2 ice statues (IceCv)
  8 spiny frogs
  A centaur skeleton (D:10)
  3 rime drakes
  A minotaur zombie (Gauntlet)
  5 komodo dragons
  2 polar bears
  2 ice devils
  3 trolls
  7 hornets (Lair:6)
  Prince Ribbit (D:7)
  2 jumping spiders (Lair:3)
  4 tyrant leeches (Lair:6)
  A meliai zombie (Gauntlet)
  A slime creature (Lair:5)
  14 dream sheep
  11 blink frogs
  6 hippogriffs
  4 wraiths (Orc:2)
  3 wyverns
  2 redbacks (Lair:3)
  19 yaks
  3 hogs (Lair:6)
  4 basilisks
  A warg (Orc:2)
  Menkaure (D:5)
  An acid dragon (Gauntlet)
  12 water moccasins
  7 porcupines
  A swamp drake (Orc:2)
  A hornet zombie (Gauntlet)
  5 ogres
  34 orc warriors
  A black bear (Lair:3)
  17 ice beasts
  A necrophage (D:9)
  2 phantoms
  7 wolves (Lair:1)
  10 crocodiles
  4 centaurs
  A big kobold (D:8)
  Blork the orc (D:6)
  14 bullfrogs
  A scorpion (D:4)
  A troll zombie (Ossuary)
  3 wights (D:6)
  5 howler monkeys
  An electric eel (Lair:1)
  6 crimson imps
  2 centaur zombies
  16 jellies
  A quasit (D:6)
  7 hounds
  A human zombie (Ossuary)
  A bullfrog zombie (D:6)
  22 orc priests
  2 bullfrog skeletons
  An iron imp (Orc:2)
  20 orc wizards
  7 worker ants
  3 ogre zombies (Ossuary)
  Robin (D:3)
  7 mummies (Ossuary)
  2 worker ant zombies
  4 gnolls (D:7)
  2 adders (D:4)
  A river rat (Lair:6)
  A shadow imp (Orc:2)
  15 white imps
  3 oozes
  3 adder zombies (Ossuary)
  6 dart slugs
  4 leopard geckos
  75 orcs
  A ball python (D:1)
  5 giant cockroaches
  11 goblins
  6 hobgoblins
  10 jackals
  5 quokkas
  9 bats
  4 frilled lizards
  A giant cockroach zombie (D:6)
  5 goblin zombies (Ossuary)
  A hobgoblin zombie (Ossuary)
  2 jackal skeletons
  A jackal zombie (D:7)
  5 kobolds
  3 kobold zombies (Ossuary)
  An orc zombie (Ossuary)
  A quokka skeleton (D:5)
  12 quokka zombies
  5 rats
  A fungus (Lair:6)
  2 plants (Lair:6)
617 creatures vanquished.

Vanquished Creatures (collateral kills)
  Fannar (D:10)
  A killer bee zombie (D:10)
  3 jackals (D:10)
5 creatures vanquished.

Vanquished Creatures (others)
  A deep elf archer (Elf:3)
  A human (Lair:6)
  4 orc warriors (Bailey)
  11 orcs (Bailey)
  2 fungi (Lair:1)
  15 plants
34 creatures vanquished.

Grand Total: 656 creatures vanquished

Notes
Turn   | Place    | Note
-------+----------+-------------------------------------------
     0 | D:1      | suvakkihuora the Demonspawn Monk began the quest for the
                  | Orb.
     0 | D:1      | Reached XP level 1. HP: 18/18 MP: 1/1
    47 | D:1      | Reached skill level 3 in Unarmed Combat
    55 | D:1      | Gained mutation: You are partially covered in large bone
                  | plates. (SH +4) [demonic ancestry]
    55 | D:1      | Reached XP level 2. HP: 15/24 MP: 2/2
   433 | D:2      | Reached XP level 3. HP: 24/29 MP: 3/3
  1274 | D:4      | Noticed an ogre
  1315 | D:3      | Found a blossoming altar of Fedhas.
  1331 | D:3      | Reached skill level 4 in Unarmed Combat
  1422 | D:3      | Reached XP level 4. HP: 37/37 MP: 4/4
  1452 | D:4      | Killed an ogre
  1452 | D:4      | Gained mutation: You are mostly covered in large bone
                  | plates. (SH +6) [demonic ancestry]
  1452 | D:4      | Reached XP level 5. HP: 4/42 MP: 5/5
  1779 | D:4      | Reached skill level 5 in Unarmed Combat
  1806 | D:4      | Reached XP level 6. HP: 21/49 MP: 6/6
  2065 | D:3      | Noticed Robin
  2091 | D:3      | Killed Robin
  2480 | D:4      | Found a staircase to the Ecumenical Temple.
  2486 | Temple   | Entered the Ecumenical Temple
  2497 | Temple   | Became a worshipper of Cheibriados the Contemplative
  2497 | Temple   | Reached * piety under Cheibriados
  2497 | Temple   | Reached ** piety under Cheibriados
  2577 | D:5      | Entered Level 5 of the Dungeon
  2578 | D:5      | Noticed Menkaure
  2593 | D:5      | Killed Menkaure
  2593 | D:5      | Reached skill level 5 in Fighting
  2593 | D:5      | Reached skill level 1 in Invocations
  2719 | D:5      | Reached skill level 6 in Unarmed Combat
  2719 | D:5      | Reached XP level 7. HP: 17/56 MP: 8/8
  3007 | D:5      | Found a deep blue altar of Sif Muna.
  3698 | D:6      | Got a fine iron ring
  3701 | D:6      | Identified the ring of Gluttony {rElec Str+2 Stlth-} (You
                  | found it on level 6 of the Dungeon)
  3809 | D:6      | Reached XP level 8. HP: 61/64 MP: 11/11
  3837 | D:6      | Learned a level 3 spell: Regeneration
  3839 | D:6      | Learned a level 1 spell: Animate Skeleton
  4055 | D:6      | Noticed Blork the orc
  4065 | D:6      | Killed Blork the orc
  4065 | D:6      | Reached skill level 5 in Invocations
  4246 | D:6      | Reached skill level 7 in Unarmed Combat
  5121 | D:7      | Reached *** piety under Cheibriados
  5168 | D:7      | Found a sand-covered staircase.
  5173 | Ossuary  | Entered an ossuary
  5750 | Ossuary  | Reached **** piety under Cheibriados
  5895 | D:7      | Reached skill level 1 in Evocations
  5895 | D:7      | Reached XP level 9. HP: 13/72 MP: 14/14
  6597 | D:7      | Noticed Prince Ribbit
  6614 | D:7      | Reached skill level 8 in Unarmed Combat
  6635 | D:7      | Killed Prince Ribbit
  6785 | D:7      | Found a stormy altar of Qazlal.
  7366 | D:8      | Found Gompod's General Store.
  7441 | D:8      | Bought a scroll of identify for 28 gold pieces
  7441 | D:8      | Bought a scroll of blinking for 105 gold pieces
  7441 | D:8      | Bought a scroll of blinking for 105 gold pieces
  7441 | D:8      | Bought a scroll of enchant armour for 105 gold pieces
  7441 | D:8      | Bought a potion of curing for 42 gold pieces
  7525 | D:8      | Noticed a two-headed ogre
  7540 | D:8      | Killed a two-headed ogre
  7540 | D:8      | Reached skill level 9 in Unarmed Combat
  7540 | D:8      | Reached skill level 5 in Evocations
  7540 | D:8      | Gained mutation: You sometimes gain a little power by
                  | taking damage. [demonic ancestry]
  7540 | D:8      | Reached XP level 10. HP: 79/79 MP: 15/15
  7934 | D:9      | Found a flagged portal.
  7947 | Bailey   | Entered a bailey
  8523 | Bailey   | Reached skill level 10 in Unarmed Combat
  8972 | Bailey   | Found a roughly hewn altar of Beogh.
  8972 | Bailey   | Noticed an orc knight
  8976 | Bailey   | Killed an orc knight
  8976 | Bailey   | Reached skill level 11 in Unarmed Combat
  9085 | D:9      | Reached ***** piety under Cheibriados
  9128 | D:9      | Noticed a two-headed ogre
  9171 | D:9      | Killed a two-headed ogre
  9257 | D:9      | Found a staircase to the Orcish Mines.
  9750 | D:10     | Entered Level 10 of the Dungeon
  9862 | D:10     | Gained mutation: You have large cloven feet. [demonic
                  | ancestry]
  9862 | D:10     | Reached XP level 11. HP: 77/88 MP: 16/16
  9884 | D:10     | Noticed Fannar
  9902 | D:10     | Found a staircase to the Lair.
  9921 | D:10     | Killed an unseen horror
  9967 | D:10     | Noticed an obsidian statue
  9993 | D:10     | Noticed Snorg
 10016 | D:10     | Killed Snorg
 10078 | D:10     | Identified the +7 mace "Tunuifon" {crush, rF+ rC+ MP+9}
 10078 | D:10     | Identified a ring "Daecyon" {rCorr MP+9}
 10086 | D:10     | Killed Fannar
 10086 | D:10     | Reached skill level 10 in Fighting
 10086 | D:10     | Reached skill level 5 in Dodging
 10091 | D:10     | Noticed a sun demon
 10159 | D:10     | Noticed Urug
 10172 | D:10     | Killed Urug
 10293 | Lair:1   | Entered Level 1 of the Lair of Beasts
 10419 | Lair:1   | Reached skill level 12 in Unarmed Combat
 10429 | Lair:1   | Reached skill level 1 in Armour
 10648 | Lair:1   | Noticed a six-headed hydra
 10654 | Lair:1   | Killed a six-headed hydra
 10683 | Lair:1   | Reached ****** piety under Cheibriados
 10834 | Lair:1   | Noticed Erica
 10852 | Lair:1   | Killed Erica
 10881 | Lair:1   | Reached XP level 12. HP: 48/99 MP: 17/17
 11184 | Lair:2   | Identified Sif Muna's Papyrus of Displaced Toxins
 11265 | Lair:2   | Found a runed translucent door.
 11268 | Lair:2   | Noticed Cuyts's ghost (journeyman DsGl)
 11308 | Lair:2   | Killed Cuyts's ghost
 11664 | Lair:2   | You fall through a shaft!
 11816 | Lair:3   | Reached skill level 13 in Unarmed Combat
 12075 | Lair:5   | Noticed a four-headed hydra
 12085 | Lair:5   | Killed a four-headed hydra
 12133 | Lair:5   | Found a runed translucent gate.
 12133 | Lair:5   | Found a runed translucent gate.
 12133 | Lair:5   | Found a runed translucent gate.
 12142 | Lair:5   | Noticed a minotaur
 12144 | Lair:5   | Noticed Wired's ghost (journeyman DrTm)
 12157 | Lair:5   | Killed a minotaur
 12157 | Lair:5   | Reached XP level 13. HP: 91/111 MP: 2/18
 12164 | Lair:5   | Killed Wired's ghost
 12416 | Lair:5   | Found a staircase to the Slime Pits.
 12485 | Slime:1  | Entered Level 1 of the Pits of Slime
 12485 | Slime:1  | Noticed an azure jelly
 12519 | Lair:6   | Entered Level 6 of the Lair of Beasts
 12530 | Lair:6   | Found a gate leading to a gauntlet.
 12547 | Gauntlet | Entered a Gauntlet
 12547 | Gauntlet | Found a runed translucent door.
 12547 | Gauntlet | Found a transporter.
 12547 | Gauntlet | Found a runed translucent door.
 12547 | Gauntlet | Found a transporter.
 12555 | Gauntlet | Found a transporter.
 12575 | Gauntlet | Found a transporter.
 12611 | Gauntlet | Found a transporter.
 12611 | Gauntlet | Found a transporter.
 12625 | Gauntlet | Found a transporter.
 12627 | Gauntlet | Found a transporter.
 12628 | Gauntlet | Found a transporter.
 12628 | Gauntlet | Found a transporter.
 12666 | Gauntlet | Noticed a balrug
 12675 | Gauntlet | Found a transporter.
 12726 | Gauntlet | Found a transporter.
 12878 | Gauntlet | Identified the amulet "Edaat" {Acrobat Dex+2}
 12878 | Gauntlet | Noticed a minotaur
 12894 | Gauntlet | Killed a minotaur
 13216 | Lair:6   | Noticed Kirke
 13232 | Lair:6   | Noticed a sphinx
 13238 | Lair:6   | Killed Kirke
 13238 | Lair:6   | Reached skill level 14 in Unarmed Combat
 13317 | Lair:6   | Reached skill level 10 in Dodging
 13675 | Lair:6   | Found a runed translucent door.
 14027 | Lair:6   | Gained mutation: You have hoof-like feet. [demonic
                  | ancestry]
 14027 | Lair:6   | Reached XP level 14. HP: 120/120 MP: 19/19
 14502 | Lair:3   | Found a hole to the Spider Nest.
 14646 | Orc:1    | Entered Level 1 of the Orcish Mines
 14747 | Orc:1    | Found Quklu's Armour Emporium.
 14757 | Orc:1    | Bought a +0 helmet of see invisible for 161 gold pieces
 14920 | Orc:2    | Entered Level 2 of the Orcish Mines
 14954 | Orc:2    | Noticed Josephine
 14968 | Orc:2    | Killed Josephine
 15111 | Orc:2    | Found a frozen archway.
 15152 | IceCv    | Entered an ice cave
 15639 | IceCv    | Reached skill level 15 in Unarmed Combat
 15776 | IceCv    | Got an ancient ivory ring
 15777 | IceCv    | Identified the ring "Biecumpeik" {rElec EV+2 Str+4} (You
                  | found it in an ice cave)
 16332 | Orc:2    | Found Sayrhaun's Magic Scroll Shoppe.
 16419 | Orc:2    | Found Sufol's Magic Scroll Emporium.
 16432 | Orc:2    | Bought a scroll of teleportation for 42 gold pieces
 16685 | Orc:2    | Found Nisuc's Antique Armour Shop.
 16701 | Orc:2    | Found a staircase to the Elven Halls.
 16730 | Orc:2    | Bought an embroidered cloak for 225 gold pieces
 16785 | Elf:1    | Entered Level 1 of the Elven Halls
 17146 | Elf:2    | Found Utoir's Book Emporium.
 17166 | Elf:3    | Entered Level 3 of the Elven Halls
 17876 | Elf:3    | Reached skill level 16 in Unarmed Combat
 18183 | Elf:3    | Found a gateway to a bazaar.
 18196 | Bazaar   | Entered a bazaar
 18206 | Bazaar   | Found Ejim's Gadget Shop.
 18206 | Bazaar   | Found Tenum's Jewellery Boutique.
 18253 | Bazaar   | Found Vedath's Jewellery Shop.
 18253 | Bazaar   | Found Jus Xioj's Food Boutique.
 18261 | Bazaar   | Bought the macabre finger necklace {rN+} for 400 gold
                  | pieces
 18261 | Bazaar   | Found the macabre finger necklace {rN+}
 18315 | Bazaar   | Shot themself with a bolt of acid

Vault maps used:
D:1:      lightli_iron_boxes, layout_rooms
D:2:      layout_rooms
D:3:      layout_basic, fedhas_altar_3, first_ration, uniq_ijyb, uniq_robin
D:4:      cheibrodos_helix_gallery, layout_basic, minmay_temple_entry_fiery
D:5:      layout_cave_pods, nicolae_overflow_hidden_temple, uniq_menkaure
D:6:      minmay_spotlight, layout_basic, uniq_blork_the_orc
D:7:      layout_loops_ring, grunt_qazlal_clouds, enter_ossuary_5,
          minmay_manual_mares, uniq_prince_ribbit1
D:8:      layout_loops_ring, serial_glass, glass_columns_a, glass_columns_c,
          glass_columns_a, glass_columns_a, glass_columns_b, glass_columns_a,
          glass_columns_b, glass_columns_a, minmay_strange_pillars,
          minmay_strange_pillars, minmay_strange_pillars, feat_on_display,
          serial_shops, shop_coins
D:9:      layout_cave_pods, orc_0_dummy, enter_bailey_6
D:10:     layout_irregular_city, lair_entry_dummy, serial_bayou_pond_b,
          minmay_protected_statue, uniq_snorg, uniq_fannar, uniq_urug
Temple:   hc_temple_tempest_star
Lair:1:   layout_gridlike, uniq_erica
Lair:2:   layout_hall_layers, nicolae_swamp_entry_splash_gauntlet,
          ebering_ghost_inner_flame
Lair:3:   layout_hall_layers, nicolae_spider_entry_tight_spaces,
          serial_bayou_lagoon_a
Lair:4:   layout_hall_layers
Lair:5:   layout_regular_city, minmay_slime_entry_jelly_boxes,
          maelrawn_ghost_gauntlet_escape
Lair:6:   wormcave, layout_regular_city, gauntlet_entry_generic, minivault_19,
          serial_bayou_pond_c, pond, serial_bayou_shore_b, uniq_kirke
Slime:1:  layout_caves
Orc:1:    layout_caves, serial_shops,
          nicolae_shop_temple_entry_statues_fountains
Orc:2:    pf_orc_diabolical, layout_diamond_mine, serial_shops, shop,
          portal_ice_cave_entry_imps, hangedman_minor_magic, uniq_josephine
Elf:1:    eino_elf_arrival_shootout, layout_geoelf_grid,
          nicolae_trove_entry_diagonal, minmay_elf_crystal_hexagon,
          uniq_asterion
Elf:2:    layout_onion_city, serial_shops, shop, shop, shop_statue, shop, shop
Elf:3:    minmay_elf_hall_statues, layout_onion_city, serial_shops,
          bzr_entry_customers
Bazaar:   bazaar_jpeg_ribbon
Ossuary:  ossuary_boxes_badplayer
Bailey:   bailey_polearm_2, bailey
IceCv:    ice_cave_small_dragons
Gauntlet: minmay_gauntlet_77_indecision [minmay_gauntlet_arena_77_shame_cube,
          minmay_gauntlet_arena_77_radiant_squares,
          minmay_gauntlet_arena_77_box, minmay_gauntlet_arena_77_checkered,
          minmay_gauntlet_arena_77_two_lines,
          minmay_gauntlet_arena_77_terracotta_army, gauntlet_exit_hidden_loot]

Skill      XL: |  1  2  3  4  5  6  7  8  9 10 11 12 13 14 |
---------------+-------------------------------------------+-----
Unarmed Combat | 3 4 5 6 7 9 11 12 13 14 16 | 16.1
Fighting       | 4 5 6 7 9 11 13 14 | 14.7
Invocations    | 2 4 7 |  7.4
Evocations     | 1 5 |  5.6
Dodging        | 4 6 8 10 12 | 12.2
Armour         | 3 |  3.9
Stealth        | |  1.7

Action                   |  1- 3 |  4- 6 |  7- 9 | 10-12 | 13-15 || total
-------------------------+-------+-------+-------+-------+-------++-------
Melee: Unarmed           |   160 |   172 |   554 |   510 |   745 ||  2141
       Punch             |     2 |     5 |    28 |    66 |    94 ||   195
       Kick              |       |       |       |   205 |    95 ||   300
Throw: Tomahawk          |       |       |     7 |    14 |       ||    21
       Javelin           |       |       |       |       |    12 ||    12
Invok: Slouch            |       |       |     1 |     7 |    13 ||    21
Evoke: Wand              |       |     3 |     2 |     5 |    15 ||    25
       Lightning rod     |       |       |       |       |     4 ||     4
  Use: Scroll            |     1 |       |    13 |     6 |    12 ||    32
       Potion            |       |     7 |     1 |     1 |     3 ||    12
 Stab: Sleeping          |     3 |       |     8 |     9 |     7 ||    27
       Paralysed         |       |     6 |    12 |       |     3 ||    21
       Distracted        |       |     1 |     2 |       |     3 ||     6
       Invisible         |       |       |       |     4 |       ||     4
  Eat: Chunk             |     2 |     3 |     6 |     5 |    10 ||    26
       Ration            |       |       |     1 |     1 |     1 ||     3
Armor: Robe              |    45 |    19 |   104 |     2 |    37 ||   207
       Troll leather arm |       |       |       |    77 |    62 ||   139
Dodge: Dodged            |   124 |   112 |   294 |   372 |   545 ||  1447
Block: Other             |    22 |    39 |   123 |   326 |   369 ||   879
       Reflection        |       |       |       |    37 |    21 ||    58

Table legend:
 A = Non-vault XP
 B = Vault XP
 C = Vault XP percentage of total XP
 D = Non-vault monster count
 E = Vault monster count
 F = Vault count percentage of total count
                 A         B        C        D         E       F
            +---------+---------+-------+---------+---------+-------
      Total |   59865 |   41570 |  41.0 |     389 |     246 |  38.7
            +---------+---------+-------+---------+---------+-------
        D:1 |      38 |       0 |   0.0 |      20 |       0 |   0.0
        D:2 |      36 |       0 |   0.0 |      17 |       0 |   0.0
        D:3 |       7 |      29 |  80.6 |       4 |       8 |  66.7
        D:4 |     342 |      79 |  18.8 |      14 |       4 |  22.2
        D:5 |     415 |     169 |  28.9 |      10 |       1 |   9.1
        D:6 |     947 |     140 |  12.9 |      24 |       3 |  11.1
        D:7 |     905 |     503 |  35.7 |      23 |       3 |  11.5
        D:8 |    1920 |       0 |   0.0 |      21 |       0 |   0.0
        D:9 |    2664 |       0 |   0.0 |      19 |       0 |   0.0
       D:10 |    1209 |    3242 |  72.8 |      19 |       7 |  26.9
     Lair:1 |    6606 |     944 |  12.5 |      31 |       1 |   3.1
     Lair:2 |    3534 |    1521 |  30.1 |      16 |       2 |  11.1
     Lair:3 |    6056 |     981 |  13.9 |      22 |       4 |  15.4
     Lair:4 |     582 |       0 |   0.0 |       3 |       0 |   0.0
     Lair:5 |    6856 |    3744 |  35.3 |      28 |      19 |  40.4
     Lair:6 |    6796 |   10032 |  59.6 |      24 |      27 |  52.9
      Orc:1 |    2784 |       0 |   0.0 |      21 |       0 |   0.0
      Orc:2 |    3542 |    6024 |  63.0 |      49 |      69 |  58.5
      Elf:1 |       0 |    2171 | 100.0 |       0 |       4 | 100.0
      Elf:2 |    5007 |       0 |   0.0 |       8 |       0 |   0.0
      Elf:3 |    9619 |       3 |   0.0 |      16 |       1 |   5.9
    Ossuary |       0 |     393 | 100.0 |       0 |      37 | 100.0
     Bailey |       0 |    1998 | 100.0 |       0 |      25 | 100.0
      IceCv |       0 |    5364 | 100.0 |       0 |      20 | 100.0
   Gauntlet |       0 |    4233 | 100.0 |       0 |      11 | 100.0
            +---------+---------+-------+---------+---------+-------
